 Dungeon Crawl Stone Soup version 0.32-a0-120-gfac0567ad4 (webtiles) character file.

Game seed: 15032699976219270815

18427 pokeman the Eclecticist (level 12, -1/66 HPs)
             Began as a Deep Elf Hedge Wizard on Feb 6, 2024.
             Was an Elder of Vehumet.
             Slain by a demonic crawler (7 damage)
             ... on level 12 of the Dungeon.
             The game lasted 00:33:54 (13618 turns).

pokeman the Eclecticist (Deep Elf Hedge Wizard)    Turns: 13618, Time: 00:33:55

Health: -1/66      AC: 10    Str: 10    XL:     12   Next: 27%
Magic:  21/42      EV: 12    Int: 25    God:    Vehumet [****..]
Gold:   1067       SH:  0    Dex: 14    Spells: 16/42 levels left

rFire   . . .        r - +9 dagger of Red Wine {pain, rPois rN+ Str+3 Stlth+}
rCold   + . .        (no shield)
rNeg    + . .        m - +0 acid dragon scales
rPois   +            c - +0 hat
rElec   .            (no cloak)
rCorr   +            K - +0 pair of gloves
SInv    .            H - +2 pair of boots {rampage}
Will    +....        A - amulet of magic regeneration
Stlth   ++++         i - ring "Yra Zoimp" {Ice rPois MP+9 Stlth+}
HPRegen 0.31/turn    y - ring of protection from fire
MPRegen 0.68/turn

%: rampage
@: no status effects
A: no striking features
a: Renounce Religion


You were on level 12 of the Dungeon.
You worshipped Vehumet.
Vehumet was greatly pleased with you.
You visited 1 branch of the dungeon, and saw 12 of its levels.
You also visited: Bailey.

You collected 1067 gold pieces.

Inventory:

Hand Weapons
 b - the +4 hand axe of Hukkosef {spect, rN+ Int+2 Dex-3 SInv}
   (You found it on level 9 of the Dungeon)

   Int+2:     It affects your intelligence (+2).
   Dex-3:     It affects your dexterity (-3).
   rN+:       It protects you from negative energy.
   SInv:      It lets you see invisible.
 r - the +9 dagger of Red Wine (weapon) {pain, rPois rN+ Str+3 Stlth+}
   (You found it on level 3 of the Dungeon)

   Str+3:     It affects your strength (+3).
   rPois:     It protects you from poison rN+: It protects you from negative
   energy.
   Stlth+:    It makes you more stealthy.
 I - the +7 mace of Variability {chaos, chaos arc}
   (You found it in a bailey)
Missiles
 o - a throwing net
Armour
 c - a +0 hat (worn)
 m - +0 acid dragon scales (worn)
 F - a +0 ring mail of fire resistance
 H - a +2 pair of boots of rampaging (worn)
 K - a +0 pair of gloves (worn)
Magical Staves
 k - a staff of earth
Jewellery
 i - the ring "Yra Zoimp" (left hand) {Ice rPois MP+9 Stlth+}
   (You took it off a goblin on level 2 of the Dungeon)

   [ring of ice]

   Ice:       It enhances your ice magic.
   rF-:       It makes you vulnerable to fire.
   rC+:       It protects you from cold.
   rPois:     It protects you from poison MP+9: It affects your magic capacity
   (+9).
   Stlth+:    It makes you more stealthy.
 y - a ring of protection from fire (right hand)
 A - an amulet of magic regeneration (around neck)
 L - a ring of resist corrosion
 N - a ring of willpower
Wands
 n - a wand of roots (7)
 v - a wand of charming (15)
Scrolls
 a - 7 scrolls of teleportation {unknown}
 e - 2 scrolls of vulnerability {unknown}
 f - 4 scrolls of revelation {unknown}
 h - 9 scrolls of identify {unknown}
 j - 7 scrolls of blinking {unknown}
 l - 2 scrolls of immolation {unknown}
 s - 2 scrolls of poison {unknown}
 u - 2 scrolls of enchant armour {unknown}
 w - a scroll of torment {unknown}
 x - 3 scrolls of summoning {unknown}
 z - a scroll of fog {unknown}
 D - 2 scrolls of brand weapon {unknown}
 E - 3 scrolls of amnesia {unknown}
 G - a scroll of acquirement {unknown}
 J - a scroll of fear {unknown}
Potions
 d - a potion of magic
 g - 4 potions of curing
 p - a potion of lignification {unknown}
 q - 2 potions of attraction {unknown}
 t - 3 potions of degeneration {unknown}
 B - 3 potions of heal wounds {unknown}
 C - a potion of haste {unknown}
 M - 2 potions of brilliance {unknown}
 P - a potion of mutation {unknown}
Miscellaneous
 O - a phantom mirror


   Skills:
 - Level 4.0 Fighting
 + Level 2.7 Armour
 - Level 3.0 Dodging
 - Level 3.0 Stealth
 - Level 2.3 Shields
 * Level 15.8 Spellcasting
 + Level 8.9 Conjurations
 - Level 1.1 Summonings
 - Level 8.0 Necromancy
 - Level 1.1 Translocations
 + Level 8.0 Fire Magic
 + Level 8.0 Ice Magic
 - Level 1.0 Air Magic
 - Level 1.0 Earth Magic
 - Level 1.1 Alchemy
 - Level 1.0 Evocations


You had 16 spell levels left.
You knew the following spells:

 Your Spells              Type           Power      Damage    Failure   Level
a - Magic Dart            Conj           100%       1d8       1%          1
b - Mephitic Cloud        Conj/Alch/Air  38%        N/A       1%          3
c - Call Imp              Summ           50%        N/A       4%          2
d - Blink                 Tloc           50%        N/A       4%          2
e - Fireball              Conj/Fire      29%        3d13      1%          5
f - Stone Arrow           Conj/Erth      88%        3d12      1%          3
g - Freezing Cloud        Conj/Ice/Air   32%        6-21      2%          5
h - Ignite Poison         Fire/Alch      42%        N/A       1%          4
i - Foxfire               Conj/Fire      100%       2x1d9     1%          1

Your spell library contained the following spells:

 Spells                   Type           Power      Damage    Failure   Level
 Necrotise                Necr           100%       1d9       1%          1
 Sandblast                Erth           50%        2d12      1%          1
 Cigotuvi's Dreadful Rot  Necr/Alch/Air  72%        N/A       1%          2
 Momentum Strike          Conj/Tloc      88%        3d10      1%          2
 Scorch                   Fire           100%       2d9       1%          2
 Vampiric Draining        Necr           56%        2d10      1%          3
 Brom's Barrelling Bould  Conj/Erth      44%        2d6       1%          4
 Flame Wave               Conj/Fire      58%        2d14      1%          4
 Slow                     Hex            76%        N/A       4%          1
 Lesser Beckoning         Tloc           50%        N/A       4%          2
 Curse of Agony           Necr           56%        N/A       4%          5
 Jinxbite                 Hex            38%        N/A       6%          2
 Martyr's Knell           Necr/Summ      42%        N/A       6%          4
 Gell's Gravitas          Tloc           25%        N/A       9%          3
 Passwall                 Erth           25%        N/A       9%          3
 Teleport Other           Tloc           25%        N/A       9%          3
 Yara's Violent Unravell  Hex/Alch       11%        3d6       24%         5
 Summon Cactus Giant      Summ           12%        N/A       99%         6
 Enfeeble                 Hex            9%         N/A       100%        7


Dungeon Overview and Level Annotations

Branches:
Dungeon (12/15)            Temple (0/1) D:7            Lair (0/5) D:10
    Orc (0/2) D:10         Bailey (visited)

Altars:
Dithmenos
Fedhas
Gozag
Kikubaaqudgha
Makhleb
Nemelex Xobeh
Qazlal
Sif Muna
Trog
Vehumet
Zin
The Shining One

Shops:
D:5 (

Annotations:
D:3 Grinder
D:4 2 transporters, Sobieck's ghost, amateur GnWr


Message History

Casting: Blink (safe; 4% risk of failure)
Confirm with . or Enter, or press ? or * to list all spells.
Aiming: Fireball (dangerous; 1% risk of failure)
Press: ? - help, Shift-Dir - straight line, f/p - demonic crawler
Aim: a demonic crawler (lightly wounded)
The fireball explodes!
The fireball engulfs the demonic crawler!
The demonic crawler is heavily wounded.
Unknown command.
Casting: Fireball (dangerous; 1% risk of failure)
Confirm with . or Enter, or press ? or * to list all spells.
Aiming: Stone Arrow (safe; 1% risk of failure)
Press: ? - help, Shift-Dir - straight line, f/p - demonic crawler
Aim: a demonic crawler (moderately wounded, 89% to hit)
The stone arrow hits the demonic crawler!
The demonic crawler is severely wounded.
The demonic crawler hits you but does no damage.
The demonic crawler closely misses you. x2
Casting: Stone Arrow (safe; 1% risk of failure)
Confirm with . or Enter, or press ? or * to list all spells.
Aiming: Stone Arrow (safe; 1% risk of failure)
Press: ? - help, Shift-Dir - straight line, f/p - demonic crawler
Aim: a demonic crawler (heavily wounded, 89% to hit)
The stone arrow hits the demonic crawler!
The demonic crawler is severely wounded.
The demonic crawler closely misses you. The demonic crawler hits you.
The demonic crawler hits you!
* * * LOW HITPOINT WARNING * * *
Casting: Stone Arrow (safe; 1% risk of failure)
Confirm with . or Enter, or press ? or * to list all spells.
Aiming: Stone Arrow (safe; 1% risk of failure)
Press: ? - help, Shift-Dir - straight line, f/p - demonic crawler
Aim: a demonic crawler (heavily wounded, 89% to hit)
The stone arrow hits the demonic crawler!
The demonic crawler is severely wounded.
You feel ready to blink again. The demonic crawler hits you!
* * * LOW HITPOINT WARNING * * *
The demonic crawler hits you!
You die...

########### ##
############.........# #####
.####.........#.@s...†...####....
.#..'.#####.##...........##.'....
.'.##.#...#....#.........##.#....
.####.#.#.###..#.#######.##.#....
.# #...#.....##.# †.. #.'..#....
## ###'########.##.## #.####....
#.# #.#.Bs# +.# ##### #.### #.'.#
### #...# ##### #


You could see a demonic crawler.

Vanquished Creatures
  Erica (D:10)
  2 two-headed ogres
  A boulder beetle (D:11)
  A demonic crawler (D:12)
  A fire crab (D:10)
  An orc knight (Bailey)
  Pikel (D:9)
  A deep elf pyromancer (Bailey)
  A cyclops (D:12)
  A manticore (D:12)
  2 black mambas (D:12)
  Maggie (D:6)
  A kobold demonologist (D:12)
  2 gargoyles (D:12)
  3 unseen horrors
  A hornet (D:9)
  4 trolls
  Prince Ribbit (D:5)
  Sigmund (D:2)
  A shadow (D:11)
  6 slime creatures (D:12)
  4 wraiths
  4 yaks (D:8)
  A fire bat (D:12)
  A steam dragon (D:7)
  Eustachio (D:6)
  Grum (D:8)
  5 water moccasins
  4 acid dragons
  A sky beast (D:6)
  An ice beast (D:6)
  A black bear (D:4)
  14 orc warriors
  An ogre (D:4)
  4 wolves (D:8)
  6 centaurs
  A lemure (D:9)
  A phantom (D:6)
  A gnoll sergeant (D:8)
  A scorpion (D:5)
  5 bullfrogs
  3 wights (D:6)
  9 killer bees
  3 vampire bats (D:12)
  3 howler monkeys
  An electric eel (D:10)
  8 orc priests
  3 hounds
  4 iguanas
  19 orc wizards
  Natasha (thrice) (D:3)
  2 hell rats (D:12)
  A hound skeleton (D:3)
  11 gnolls
  10 adders
  4 river rats (D:12)
  A shadow imp (D:6)
  3 white imps
  A dart slug (D:3)
  2 ribbon worms
  50 orcs
  5 endoplasms
  8 giant cockroaches
  9 goblins
  6 hobgoblins
  7 jackals
  6 kobolds
  3 quokkas (D:1)
  7 ball pythons
  3 ball python skeletons (D:3)
  17 bats
  4 frilled lizards
  9 rats
  2 spectral quokkas (D:3)
319 creatures vanquished.

Vanquished Creatures (collateral kills)
  2 scorpions (D:12)
  A giant cockroach (D:12)
3 creatures vanquished.

Vanquished Creatures (others)
  300 foxfires
300 creatures vanquished.

Grand Total: 622 creatures vanquished

Notes
Turn   | Place    | Note
-------+----------+-------------------------------------------
     0 | D:1      | pokeman the Deep Elf Hedge Wizard began the quest for the
                  | Orb.
     0 | D:1      | Reached XP level 1. HP: 10/10 MP: 7/7
   377 | D:1      | Reached XP level 2. HP: 2/15 MP: 0/9
  1212 | D:2      | Reached skill level 5 in Spellcasting
  1212 | D:2      | Reached XP level 3. HP: 17/20 MP: 1/11
  1216 | D:2      | Learned a level 3 spell: Mephitic Cloud
  1219 | D:2      | Learned a level 2 spell: Call Imp
  1222 | D:2      | Learned a level 2 spell: Blink
  1390 | D:2      | Identified the ring "Yra Zoimp" {Ice rPois MP+9 Stlth+}
  1613 | D:2      | Reached skill level 1 in Fighting
  1613 | D:2      | Reached skill level 1 in Armour
  1780 | D:2      | Found a faded altar of an unknown god.
  1933 | D:2      | Noticed Sigmund
  1943 | D:2      | Killed Sigmund
  1944 | D:2      | Reached skill level 7 in Spellcasting
  1944 | D:2      | Reached XP level 4. HP: 25/25 MP: 15/15
  1944 | D:2      | Reached XP level 5. HP: 29/29 MP: 17/17
  2556 | D:3      | Reached skill level 8 in Spellcasting
  2556 | D:3      | Reached XP level 6. HP: 17/34 MP: 19/19
  2725 | D:3      | Noticed Natasha
  2734 | D:3      | Killed Natasha
  2860 | D:3      | Noticed Grinder
  3365 | D:3      | Identified the +9 dagger of Red Wine {pain, rPois rN+ Str+3
                  | Stlth+}
  3421 | D:3      | Noticed Natasha
  3434 | D:3      | Killed Natasha
  3507 | D:3      | Identified the +1 dagger "Lodumpaa" {speed, +Blink Str+4}
  3564 | D:3      | Reached skill level 1 in Evocations
  3744 | D:3      | Noticed Natasha
  3753 | D:3      | Killed Natasha
  3774 | D:4      | Learned a level 4 spell: Ignite Poison
  3780 | D:4      | Learned a level 5 spell: Freezing Cloud
  3788 | D:4      | Reached skill level 1 in Air Magic
  3847 | D:4      | Reached skill level 1 in Earth Magic
  3887 | D:4      | Found a radiant altar of Vehumet.
  3900 | D:4      | Became a worshipper of Vehumet
  3911 | D:4      | Reached skill level 1 in Necromancy
  3911 | D:4      | Reached skill level 1 in Alchemy
  3911 | D:4      | Reached XP level 7. HP: 13/38 MP: 18/21
  3926 | D:4      | Reached skill level 1 in Fire Magic
  3926 | D:4      | Reached skill level 1 in Ice Magic
  4092 | D:4      | Found a transporter.
  4133 | D:4      | Found a transporter.
  4142 | D:4      | Noticed Sobieck's ghost (amateur GnWr)
  4308 | D:5      | Entered Level 5 of the Dungeon
  4537 | D:5      | Noticed Prince Ribbit
  4551 | D:5      | Killed Prince Ribbit
  4552 | D:5      | Reached skill level 9 in Spellcasting
  4715 | D:5      | Found Nilafit's Antique Weapon Boutique.
  4967 | D:5      | Reached XP level 8. HP: 43/43 MP: 23/23
  5261 | D:6      | Noticed Maggie
  5288 | D:6      | Killed Maggie
  5289 | D:6      | Reached skill level 10 in Spellcasting
  5601 | D:6      | Found a burning altar of Makhleb.
  5682 | D:6      | Found a shadowy altar of Dithmenos.
  5926 | D:6      | Found an ancient bone altar of Kikubaaqudgha.
  5939 | D:6      | Reached skill level 5 in Conjurations
  5961 | D:6      | Reached XP level 9. HP: 15/47 MP: 11/25
  6094 | D:6      | Found a shimmering blue altar of Sif Muna.
  6142 | D:6      | Reached * piety under Vehumet
  6142 | D:6      | Offered knowledge of Freeze by Vehumet.
  6143 | D:6      | Reached skill level 11 in Spellcasting
  6386 | D:6      | Noticed Eustachio
  6402 | D:6      | Found a blossoming altar of Fedhas.
  6403 | D:6      | Found a bloodstained altar of Trog.
  6404 | D:6      | Found a glowing golden altar of the Shining One.
  6408 | D:6      | Killed Eustachio
  6409 | D:6      | Reached skill level 1 in Shields
  6574 | D:6      | Found a glowing silver altar of Zin.
  6574 | D:6      | Found an opulent altar of Gozag.
  6739 | D:7      | Reached skill level 5 in Necromancy
  6758 | D:7      | You fall into a shaft and drop 2 floors!
  6821 | D:9      | Noticed a troll
  6829 | D:9      | Killed a troll
  6856 | D:9      | Noticed a two-headed ogre
  6870 | D:9      | Killed a two-headed ogre
  6870 | D:9      | Offered knowledge of Foxfire by Vehumet.
  6871 | D:9      | Reached skill level 12 in Spellcasting
  6871 | D:9      | Reached skill level 5 in Fire Magic
  6871 | D:9      | Reached skill level 5 in Ice Magic
  6968 | D:9      | Reached ** piety under Vehumet
  7094 | D:8      | Reached XP level 10. HP: 13/52 MP: 18/28
  7102 | D:8      | Noticed Grum
  7338 | D:8      | Killed Grum
  7497 | D:7      | Found a staircase to the Ecumenical Temple.
  7499 | D:7      | Found a stormy altar of Qazlal.
  7508 | D:7      | Learned a level 1 spell: Foxfire
  8114 | D:8      | Reached skill level 13 in Spellcasting
  8324 | D:8      | Found a sparkling altar of Nemelex Xobeh.
  8595 | D:9      | Offered knowledge of Inner Flame by Vehumet.
  8596 | D:9      | Noticed Pikel
  8605 | D:9      | Killed Pikel
  8893 | D:9      | Identified the +4 hand axe of Hukkosef {spect, rN+ Int+2
                  | Dex-3 SInv}
  8900 | D:9      | Reached *** piety under Vehumet
  9339 | D:10     | Entered Level 10 of the Dungeon
  9400 | D:10     | Noticed a two-headed ogre
  9402 | D:10     | Noticed Erica
  9413 | D:10     | Killed a two-headed ogre
  9416 | D:10     | Reached XP level 11. HP: 15/57 MP: 28/30
  9426 | D:10     | Killed Erica
  9438 | D:10     | Found a flagged portal.
  9543 | Bailey   | Entered a bailey
  9776 | Bailey   | Reached skill level 14 in Spellcasting
  9777 | Bailey   | Offered knowledge of Dazzling Flash by Vehumet.
  9788 | Bailey   | Noticed an orc knight
  9803 | Bailey   | Killed an orc knight
  9903 | Bailey   | Found a large runed translucent door.
  9903 | Bailey   | Found a large runed translucent door.
  9904 | Bailey   | Noticed a deep elf pyromancer
  9906 | Bailey   | Found the +7 mace of Variability {chaos, chaos arc}
  9990 | Bailey   | Killed a deep elf pyromancer
 10162 | D:10     | Found a staircase to the Lair.
 10164 | D:10     | Noticed a fire crab
 10175 | D:10     | Killed a fire crab
 10574 | D:10     | Found a staircase to the Orcish Mines.
 10630 | D:10     | Reached **** piety under Vehumet
 11118 | D:11     | Learned a level 3 spell: Stone Arrow
 11390 | D:11     | Noticed a boulder beetle
 11405 | D:11     | Killed a boulder beetle
 12303 | D:12     | Reached skill level 15 in Spellcasting
 12328 | D:12     | Offered knowledge of Fireball by Vehumet.
 12340 | D:12     | Learned a level 5 spell: Fireball
 12722 | D:12     | Reached XP level 12. HP: 66/66 MP: 33/33
 13550 | D:12     | Noticed a demonic crawler
 13577 | D:12     | Killed a demonic crawler
 13606 | D:12     | Noticed a demonic crawler
 13618 | D:12     | Slain by a demonic crawler

Illustrated notes

Levels and vault maps discovered:
D:1:      orjb1_clovarrival, layout_loops_ring
D:2:      layout_basic, shapermc_ecumenical_altar_venn,
          hangedman_abyss_or_decor_stabs, uniq_sigmund
D:3:      layout_loops_ring, dilly_guarded_unrand_morg, uniq_grinder
D:4:      layout_cave_pools, nicolae_vehumet_radiance, gammafunk_ghost_arena
D:5:      layout_cave_pods, serial_shops, shop, uniq_prince_ribbit1
D:6:      layout_basic, grunt_temple_overflow_gold_and_silver,
          mainiacjoe_overflow_24_doors, makhleb_heckhound_becter,
          gammafunk_temple_overflow_forgotten, minmay_misc_feat_plants,
          hangedman_feature_mirror, uniq_eustachio, uniq_maggie
D:7:      layout_rooms, lemuel_crystal_altar,
          minmay_temple_entry_statues_fountains, nrook_loot_triangle
D:8:      layout_loops_ring, mainiacjoe_overflow_alcove_1, fountainhead,
          uniq_grum
D:9:      layout_basic, dreamdust_wishing_well, hangedman_decor_growths,
          uniq_pikel
D:10:     layout_basic, minmay_lair_entry_lava, orc_0_dummy, enter_bailey_5,
          uniq_erica
D:11:     layout_irregular_city
D:12:     layout_roguey, minivault_11, hangedman_parallel_progression

Skill      XL: |  1  2  3  4  5  6  7  8  9 10 11 12 |
---------------+-------------------------------------+-----
Spellcasting   | 5 7 8 9 10 12 13 15 | 15.8
Fighting       | 1 2 4 |  4.0
Armour         | 1 2 |  2.7
Conjurations   | 2 3 5 6 7 8 |  8.9
Stealth        | 3 |  3.0
Dodging        | 3 |  3.0
Evocations     | 1 |  1.0
Air Magic      | 1 |  1.0
Earth Magic    | 1 |  1.0
Necromancy     | 1 2 4 5 7 8 |  8.0
Alchemy        | 1 |  1.1
Fire Magic     | 2 3 5 6 7 8 |  8.0
Ice Magic      | 2 3 5 6 7 8 |  8.0
Shields        | 2 |  2.3
Summonings     | |  1.1
Translocations | |  1.1

Action                     |  1- 3 |  4- 6 |  7- 9 | 10-12 || total
---------------------------+-------+-------+-------+-------++-------
  Melee: Dagger            |     4 |       |    22 |    81 ||   107
         Rapier            |    12 |    77 |    34 |       ||   123
         Punch             |       |     3 |     3 |     7 ||    13
   Cast: Magic Dart        |    99 |    80 |   113 |    50 ||   342
         Mephitic Cloud    |     2 |    13 |    40 |    47 ||   102
         Blink             |       |     1 |       |     4 ||     5
         Ignite Poison     |       |       |    19 |    25 ||    44
         Call Imp          |       |       |     1 |     2 ||     3
         Foxfire           |       |       |       |   177 ||   177
         Freezing Cloud    |       |       |       |    14 ||    14
         Stone Arrow       |       |       |       |    37 ||    37
         Fireball          |       |       |       |    24 ||    24
    Use: Potion            |       |       |       |     1 ||     1
   Stab: Confused          |     2 |     2 |     5 |     8 ||    17
         Sleeping          |       |       |     1 |       ||     1
 Armour: Robe              |    15 |    59 |    14 |       ||    88
         Steam dragon scal |       |       |    21 |    40 ||    61
         Acid dragon scale |       |       |       |    90 ||    90
  Dodge: Dodged            |    17 |    77 |    53 |    92 ||   239

Table legend: (Time is in decaauts)
 A = Elapsed time spent in this place.
 B = Non-inter-level travel time spent in this place.
 C = Inter-level travel time spent in this place.
 D = Time resting spent in this place.
 E = Time spent auto-exploring this place.
 F = Levels seen in this place.
 G = Mean time per level.
                   A        B        C        D        E       F      G
               +--------+--------+--------+--------+--------+-----+--------+
         Total |  13676 |  13384 |    292 |    455 |  10840 |  13 | 1052.0 |
       Dungeon |  13141 |  12849 |    292 |    435 |  10546 |  12 | 1095.1 |
        Bailey |    534 |    534 |      0 |     20 |    294 |   1 |  534.0 |
               +--------+--------+--------+--------+--------+-----+--------+

Top non-repeatable levels by time:
     D:6: 1480 daAuts
     D:2: 1381 daAuts
    D:12: 1361 daAuts
     D:3: 1259 daAuts
    D:10: 1215 daAuts
    D:11: 1168 daAuts
     D:1: 1162 daAuts
     D:9: 1154 daAuts
     D:8: 1024 daAuts
     D:5: 855 daAuts
     D:4: 545 daAuts
  Bailey: 534 daAuts
     D:7: 531 daAuts
